Map: Odyssey LE

Players

Lambo - Winner!

  • Race: Zerg Zerg
  • Spawn Location: 5:00

Bones

  • Race: Protoss Protoss
  • Spawn Location: 11:00

Event: WCS Montreal 2017

VOD

Have the link to the VOD?

Description

Time

  • Played on: Sept. 8, 2017, 11:34 a.m.
  • Length: 9:42

All games in this series

Show
View Real Time Build Order
Export as new Build Order

Lambo Zerg - Winner!

Build Orders: Hatch First 

Get SALT Encoding   

  12  0:00  Drone  
  13  0:12  Overlord  
  13  0:17  Drone  
  14  0:31  Drone x2  
  14  0:34  Drone  
  17  0:53  Hatchery  
  17  0:54  Drone  
  18  0:57  Drone  
  18  1:07  Extractor  
  17  1:12  Spawning Pool  
  17  1:14  Drone  
  17  1:18  Drone  
  18  1:28  Drone  
  19  1:41  Overlord  
  19  1:50  Drone  
  20  1:58  Queen  
  20  2:00  Zergling x2  
  23  2:05  Queen, Zergling x2  
  23  2:07  Metabolic Boost  
  26  2:13  Drone  
  27  2:16  Drone  
  28  2:25  Drone  
  29  2:31  Drone  
  30  2:40  Drone, Hatchery  
  30  2:44  Pneumatized Carapace  
  30  2:47  Drone  
  31  2:55  Overlord  
  31  2:58  Drone x2  
  33  3:00  Drone  
  34  3:07  Drone x2  
  36  3:16  Zergling x6  
  36  3:18  Drone  
  40  3:20  Queen  
  40  3:23  Overlord  
  42  3:28  Drone  
  43  3:38  Drone  
  43  3:41  Evolution Chamber  
  43  3:42  Spore Crawler  
  43  3:44  Drone  
  43  3:46  Spore Crawler, Drone x3  
  45  3:53  Drone  
  45  3:54  Extractor, Drone x3, Baneling Nest  
  49  3:56  Queen  
  49  4:02  Drone x2  
  53  4:03  Drone  
  53  4:08  Overlord  
  54  4:12  Drone  
  55  4:17  Zergling x6  
  58  4:28  Zergling x6  
  58  4:29  Zergling x4  
  63  4:34  Zerg Melee Weapons Level 1  
  63  4:35  Zergling x4  
  63  4:36  Zergling x2  
  63  4:38  Overlord  
  66  4:40  Overlord  
  66  4:43  Baneling x6  
  66  4:48  Baneling  
  66  4:56  Zergling x2  
  66  4:57  Zergling x6  
  66  4:59  Drone x5  
  75  5:04  Overlord, Drone  
  75  5:06  Overlord  
  76  5:08  Overlord  
  75  5:19  Drone x4  
  75  5:21  Lair  
  75  5:22  Drone x4  
  75  5:27  Drone x2  
  80  5:33  Drone x3  
  83  5:39  Hatchery  
  82  5:45  Zergling x2  
  82  5:46  Zergling x10  
  82  5:47  Baneling x5  
  82  5:49  Extractor, Drone  
  89  5:50  Drone  
  89  5:51  Extractor x2  
  89  5:52  Overlord, Extractor  
  89  5:53  Drone x2  
  88  5:59  Overlord  
  88  6:00  Drone  
  88  6:02  Overlord  
  89  6:04  Overlord  
  89  6:05  Drone x2  
  89  6:08  Drone x3  
  94  6:12  Overlord  
  94  6:14  Overlord  
  86  6:19  Drone  
  86  6:20  Drone x2  
  86  6:23  Hydralisk Den  
  87  6:26  Spore Crawler  
  87  6:27  Spore Crawler  
  87  6:28  Spore Crawler  
  87  6:32  Zergling x8  
  86  6:36  Spore Crawler, Baneling  
  86  6:37  Zergling x2, Baneling x2  
  86  6:38  Zergling x6  
  89  6:40  Centrifical Hooks  
  89  6:46  Drone  
  88  6:48  Drone  
  88  6:49  Drone, Zerg Missile Weapons Level 1  
  88  6:53  Zergling x8  
  94  6:58  Overlord x2  
  94  7:00  Spore Crawler  
  93  7:01  Hydralisk x2  
  93  7:06  Overlord  
  96  7:08  Overlord  
  96  7:11  Overlord  
  96  7:14  Overlord  
  96  7:20  Overlord, Hydralisk x3  
  100  7:26  Overlord  
  100  7:27  Hydralisk x2  
  100  7:37  Hydralisk x4  
  109  7:44  Drone x6  
  109  7:51  Drone  
  115  7:52  Spore Crawler  
  115  7:53  Drone  
  115  7:55  Muscular Augments  
  115  7:57  Drone x2  
  117  7:59  Queen  
  117  8:04  Hydralisk x2  
  122  8:14  Baneling  
  122  8:15  Baneling x10  
  122  8:16  Hydralisk x2  
  122  8:17  Zergling x6  
  129  8:20  Hydralisk x3  
  129  8:26  Hydralisk x3  
  139  8:30  Baneling x4  
  139  8:33  Overseer  
  139  8:37  Hydralisk x4  
  144  8:42  Hydralisk x4  
  152  8:51  Hydralisk  
  152  8:52  Zergling x8  
  152  8:54  Overlord  
  154  9:05  Zergling x20  
  164  9:11  Baneling x10  
  164  9:12  Zergling x2  
  164  9:13  Zergling x6  
  164  9:15  Hydralisk  
  164  9:16  Zergling x4, Hydralisk  
  174  9:21  Zergling x6  
Show
View Real Time Build Order
Export as new Build Order

Bones Protoss 

Build Orders: 1 Gate Expand, Mass Adepts 

Get SALT Encoding   

  12  0:01  Probe (Chrono Boost)  
  13  0:11  Probe (Chrono Boost)  
  14  0:19  Pylon  
  14  0:22  Probe (Chrono Boost)  
  15  0:37  Probe (Chrono Boost)  
  15  0:39  Gateway  
  16  0:47  Probe (Chrono Boost)  
  16  0:49  Assimilator  
  17  0:58  Probe (Chrono Boost)  
  18  1:09  Probe (Chrono Boost)  
  19  1:20  Probe (Chrono Boost)  
  19  1:25  Nexus  
  20  1:38  Probe (Chrono Boost)  
  21  1:41  Cybernetics Core  
  21  1:51  Assimilator  
  21  1:53  Probe (Chrono Boost)  
  22  2:03  Pylon  
  22  2:04  Probe (Chrono Boost)  
  23  2:18  Warp Gate  
  23  2:21  Probe, Adept (Chrono Boost)  
  26  2:27  Twilight Council  
  25  2:33  Probe  
  25  2:36  Probe  
  27  2:45  Probe, Adept (Chrono Boost)  
  27  2:46  Probe  
  31  2:57  Probe x2  
  32  3:04  Resonating Glaives (Chrono Boost)  
  33  3:07  Probe  
  33  3:08  Adept  
  33  3:09  Probe  
  37  3:18  Probe  
  38  3:21  Probe  
  38  3:24  Gateway  
  38  3:26  Gateway  
  39  3:28  Probe  
  39  3:33  Probe  
  41  3:36  Pylon  
  41  3:40  Adept  
  41  3:41  Probe  
  43  3:45  Probe  
  45  3:51  Probe  
  46  3:57  Probe  
  46  4:02  Probe  
  47  4:03  Pylon  
  47  4:05  Assimilator x2  
  47  4:06  Pylon  
  49  4:10  Probe  
  49  4:12  Probe  
  50  4:24  Probe  
  50  4:25  Probe  
  50  4:30  Adept x3  
  58  4:35  Probe  
  58  4:37  Probe  
  60  4:46  Probe  
  60  4:47  Stargate  
  60  4:48  Stargate  
  60  4:49  Probe  
  60  4:51  Adept x3  
  68  4:56  Pylon  
  68  5:02  Probe  
  68  5:03  Probe  
  69  5:12  Probe  
  70  5:15  Probe  
  57  5:22  Nexus  
  57  5:24  Probe  
  57  5:26  Pylon  
  57  5:27  Probe  
  59  5:29  Pylon  
  59  5:33  Oracle x2 (Chrono Boost)  
  65  5:36  Mothership Core  
  65  5:42  Pylon  
  67  5:48  Adept x3  
  73  5:50  Probe  
  74  5:57  Probe  
  75  6:07  Oracle x2 (Chrono Boost)  
  75  6:10  Adept x3  
  87  6:12  Charge  
  71  6:32  Probe x3  
  73  6:41  Oracle x2 (Chrono Boost)  
  73  6:43  Probe  
  73  6:44  Probe x2  
  82  6:54  Probe, Robotics Facility  
  82  6:56  Probe x2  
  85  7:02  Adept x2  
  85  7:04  Probe  
  90  7:12  Probe x2  
  90  7:15  Probe  
  93  7:23  Adept x3  
  93  7:28  Probe  
  93  7:29  Probe x2  
  99  7:42  Templar Archives  
  99  7:43  Warp Prism  
  101  7:46  Gateway, Oracle (Chrono Boost)  
  101  7:48  Gateway  
  101  7:49  Assimilator  
  101  7:50  Assimilator  
  105  7:51  Probe x2  
  105  7:56  Oracle (Chrono Boost)  
  105  7:57  Probe  
  109  8:03  Probe x2  
  111  8:14  Zealot x3  
  117  8:20  Gateway  
  117  8:21  Gateway  
  117  8:23  Gateway  
  117  8:35  Pylon  
  117  8:37  Observer  
  112  8:45  Zealot x2  
  116  8:50  Pylon  
  116  8:51  Pylon x2  
  108  9:03  Probe  
  108  9:05  Probe x2  
  108  9:06  High Templar  
  108  9:07  High Templar x3  
  108  9:08  Zealot  
  118  9:12  Archon x2  
  118  9:16  Probe  
  118  9:17  Probe x2  
  118  9:19  Pylon  
  115  9:29  High Templar x4  
  104  9:33  Archon x2  
Tags
 
Add a new tag
Caveats
  • Supply blocks, unpowered buildings, or Contaminate may cause inaccurate times.
  • Supply counts are checked every 10 seconds.